| TOP OF THE 1ST |
|
University of Toronto Marlies batting - Pitching for University of Arizona Wildcats : RHP Bernie Rae
|
|
Pitching: RHP Bernie Rae
|
|
|
Batting: RHB Charlie Townend
|
0-0: Foul Ball, location: 2F 0-1: Foul Ball, location: 2F 0-2: Strikes out swinging
|
|
Batting: LHB Mitch Melton
|
0-0: Called Strike 0-1: Ball 1-1: Swinging Strike 1-2: Ball 2-2: Strikes out swinging
|
|
Batting: RHB Ryan Martin
|
0-0: Foul Ball, location: 2F 0-1: Called Strike 0-2: Ball 1-2: Ground out U3 (Groundball, 13, EV 81.9 MPH)
|
| Top of the 1st over - 0 runs, 0 hits, 0 errors, 0 left on base; University of Toronto 0 - University of Arizona 0 |
| BOTTOM OF THE 1ST |
|
University of Arizona Wildcats batting - Pitching for University of Toronto Marlies : RHP Jay Hagan
|
|
Pitching: RHP Jay Hagan
|
|
|
Batting: RHB Eddy Amaya
|
0-0: Swinging Strike 0-1: Ground out 4-3 (Groundball, 4S, EV 62.5 MPH)
|
|
Batting: LHB Pascal Noël
|
0-0: Ball 1-0: Ball 2-0: Ball 3-0: Called Strike 3-1: Foul Ball, location: 2F 3-2: Fly out, F7 (Flyball, 7, EV 88.1 MPH)
|
|
Batting: RHB Ron Dondale
|
0-0: Fly out, F8 (Line Drive, 8RD, EV 88.1 MPH)
|
| Bottom of the 1st over - 0 runs, 0 hits, 0 errors, 0 left on base; University of Toronto 0 - University of Arizona 0 |
| TOP OF THE 2ND |
|
University of Toronto Marlies batting - Pitching for University of Arizona Wildcats : RHP Bernie Rae
|
|
Batting: RHB Todd Maybury
|
0-0: Fly out, F9 (Flyball, 89S, EV 91.2 MPH)
|
|
Batting: RHB Konrad van Pelt
|
0-0: Ball 1-0: SINGLE (Line Drive, 4MD, EV 100.0 MPH)
|
|
Batting: RHB Steve Campeau
|
0-0: Fielders Choice at 2nd, 4-6 (Groundball, 4, EV 81.9 MPH)
|
|
Batting: SHB Jake Seymour
|
0-0: Called Strike 0-1: SINGLE (Groundball, 6D, EV 101.9 MPH) Steve Campeau to second
|
|
Batting: RHB John Wilson
|
0-0: Fly out, F4 (Line Drive, 4, EV 77.5 MPH)
|
| Top of the 2nd over - 0 runs, 2 hits, 0 errors, 2 left on base; University of Toronto 0 - University of Arizona 0 |
| BOTTOM OF THE 2ND |
|
University of Arizona Wildcats batting - Pitching for University of Toronto Marlies : RHP Jay Hagan
|
|
Batting: LHB Gerald Thornton
|
0-0: Called Strike 0-1: Ball 1-1: Ball 2-1: SINGLE (Line Drive, 6MD, EV 101.2 MPH)
|
|
Batting: RHB Ricardo Fernandez
|
0-0: Fielders Choice at 2nd, 6-4 (Groundball, 6, EV 110.6 MPH)
|
|
Batting: SHB Pat Kidd
|
0-0: Foul Ball, location: 2F 0-1: Foul Ball, location: 2F 0-2: Strikes out looking
|
|
Batting: LHB Lihau Keawe
|
0-0: Called Strike 0-1: Ball 1-1: Ball 2-1: Called Strike 2-2: Ball 3-2: Strikes out swinging
|
| Bottom of the 2nd over - 0 runs, 1 hit, 0 errors, 1 left on base; University of Toronto 0 - University of Arizona 0 |
| TOP OF THE 3RD |
|
University of Toronto Marlies batting - Pitching for University of Arizona Wildcats : RHP Bernie Rae
|
|
Batting: RHB Kevin McGaughey
|
0-0: Ground out 3-1 (Groundball, 34, EV 89.4 MPH)
|
|
Batting: RHB Charlie Townend
|
0-0: Ground out 4-3 (Groundball, 4M, EV 78.1 MPH)
|
|
Batting: LHB Mitch Melton
|
0-0: Called Strike 0-1: Ball 1-1: Swinging Strike 1-2: Ball 2-2: Ball 3-2: Foul Ball, location: 2F 3-2: SOLO HOME RUN (Flyball, 9LD, EV 96.2 MPH), Distance : 345 ft
|
|
Batting: RHB Ryan Martin
|
0-0: SINGLE (Line Drive, 4D, EV 96.2 MPH)
|
|
Batting: RHB Todd Maybury
|
0-0: Ball 1-0: Hit by Pitch Ryan Martin to second
|
|
Batting: RHB Konrad van Pelt
|
0-0: Ball 1-0: Ball 2-0: Foul Ball, location: 2F 2-1: Fly out, F4 (Popup, 4S, EV 70.6 MPH)
|
| Top of the 3rd over - 1 run, 2 hits, 0 errors, 2 left on base; University of Toronto 1 - University of Arizona 0 |
| BOTTOM OF THE 3RD |
|
University of Arizona Wildcats batting - Pitching for University of Toronto Marlies : RHP Jay Hagan
|
|
Batting: LHB Jere Paatelainen
|
0-0: Ground out 3-1 (Groundball, 34D, EV 98.8 MPH)
|
|
Batting: RHB Carlos Maravilla
|
0-0: Called Strike 0-1: Ground out 1-3 (Groundball, 13, EV 69.4 MPH)
|
|
Batting: RHB Eddy Amaya
|
0-0: Foul Ball, location: 2F 0-1: Ball 1-1: SOLO HOME RUN (Flyball, 78XD, EV 111.2 MPH), Distance : 445 ft
|
|
Batting: LHB Pascal Noël
|
0-0: Foul Ball, location: 2F 0-1: Swinging Strike 0-2: Fly out, F8 (Line Drive, 8LD, EV 93.1 MPH)
|
| Bottom of the 3rd over - 1 run, 1 hit, 0 errors, 0 left on base; University of Toronto 1 - University of Arizona 1 |
| TOP OF THE 4TH |
|
University of Toronto Marlies batting - Pitching for University of Arizona Wildcats : RHP Bernie Rae
|
|
Batting: RHB Steve Campeau
|
0-0: Ball 1-0: Foul Ball, location: 2F 1-1: Ball 2-1: Hit by Pitch
|
|
Batting: SHB Jake Seymour
|
0-0: Ball 1-0: Called Strike 1-1: Called Strike 1-2: Strikes out swinging
|
|
Batting: RHB John Wilson
|
0-0: Fielders Choice at 2nd, 4-6 (Groundball, 4, EV 97.5 MPH)
|
|
Batting: RHB Kevin McGaughey
|
0-0: Ball 1-0: Called Strike 1-1: Fly out, F8 (Flyball, 8LD, EV 92.5 MPH)
|
| Top of the 4th over - 0 runs, 0 hits, 0 errors, 1 left on base; University of Toronto 1 - University of Arizona 1 |
| BOTTOM OF THE 4TH |
|
University of Arizona Wildcats batting - Pitching for University of Toronto Marlies : RHP Jay Hagan
|
|
Batting: RHB Ron Dondale
|
0-0: Ball 1-0: Ball 2-0: Ball 3-0: Called Strike 3-1: Ground out U3 (Groundball, 34, EV 93.1 MPH)
|
|
Batting: LHB Gerald Thornton
|
0-0: Ball 1-0: Ball 2-0: Called Strike 2-1: Foul Ball, location: 2F 2-2: Foul Ball, location: 2F 2-2: Foul Ball, location: 2F 2-2: Strikes out swinging
|
|
Batting: RHB Ricardo Fernandez
|
0-0: Ball 1-0: Swinging Strike 1-1: Foul Ball, location: 2F 1-2: Ball 2-2: Strikes out swinging
|
| Bottom of the 4th over - 0 runs, 0 hits, 0 errors, 0 left on base; University of Toronto 1 - University of Arizona 1 |
| TOP OF THE 5TH |
|
University of Toronto Marlies batting - Pitching for University of Arizona Wildcats : RHP Bernie Rae
|
|
Now at C: George Grace
|
|
|
Batting: RHB Charlie Townend
|
0-0: Ground out 5-3 (Groundball, 56, EV 103.8 MPH)
|
|
Pinch Hitting: RHB Aaron Knight
|
0-0: Called Strike 0-1: Ball 1-1: Foul Ball, location: 2F 1-2: Ball 2-2: Strikes out swinging
|
|
Batting: RHB Ryan Martin
|
0-0: Called Strike 0-1: Called Strike 0-2: Hit by Pitch
|
|
Batting: RHB Todd Maybury
|
0-0: Ball 1-0: DOUBLE (Flyball, 78D, EV 95.6 MPH) Ryan Martin to third Runner from 3rd tries for Home, SAFE, no throw by CF
|
|
Batting: RHB Konrad van Pelt
|
0-0: Called Strike 0-1: Ball 1-1: Foul Ball, location: 2F 1-2: Ball 2-2: Ground out 6-3 (Groundball, 6, EV 81.2 MPH)
|
| Top of the 5th over - 1 run, 1 hit, 0 errors, 1 left on base; University of Toronto 2 - University of Arizona 1 |
| BOTTOM OF THE 5TH |
|
University of Arizona Wildcats batting - Pitching for University of Toronto Marlies : RHP Jay Hagan
|
|
Now in LF: Aaron Knight
|
|
|
Batting: SHB Pat Kidd
|
0-0: Ball 1-0: Foul Ball, location: 2F 1-1: SINGLE (Groundball, 6D, EV 96.9 MPH)
|
|
Batting: LHB Lihau Keawe
|
0-0: Bunted foul 0-1: Bunted foul 0-2: Strikes out swinging
|
|
Batting: LHB Jere Paatelainen
|
0-0: Ground out 5-3 (Groundball, 25, EV 71.9 MPH) Pat Kidd to second
|
|
Batting: RHB Carlos Maravilla
|
0-0: Ball 1-0: Fly out, F9 (Flyball, 89M, EV 97.5 MPH)
|
| Bottom of the 5th over - 0 runs, 1 hit, 0 errors, 1 left on base; University of Toronto 2 - University of Arizona 1 |
| TOP OF THE 6TH |
|
University of Toronto Marlies batting - Pitching for University of Arizona Wildcats : RHP Bernie Rae
|
|
Now in LF: Kevin Verret
|
|
|
Now in CF: Gerald Thornton
|
|
|
Batting: RHB Steve Campeau
|
0-0: Called Strike 0-1: Fly out, F8 (Line Drive, 8RD, EV 91.9 MPH)
|
|
Batting: RHB Luke Stannard
|
0-0: Ball 1-0: Ball 2-0: Fly out, F7 (Flyball, 7S, EV 89.4 MPH)
|
|
Batting: RHB John Wilson
|
0-0: Called Strike 0-1: Fly out, F9 (Line Drive, 9, EV 93.8 MPH)
|
| Top of the 6th over - 0 runs, 0 hits, 0 errors, 0 left on base; University of Toronto 2 - University of Arizona 1 |
| BOTTOM OF THE 6TH |
|
University of Arizona Wildcats batting - Pitching for University of Toronto Marlies : RHP Jay Hagan
|
|
Pinch Hitting: RHB Mark Walters
|
0-0: Called Strike 0-1: SOLO HOME RUN (Flyball, 78XD, EV 111.9 MPH), Distance : 440 ft
|
|
Batting: LHB Pascal Noël
|
0-0: DOUBLE (Line Drive, 7LM, EV 95.0 MPH)
|
|
Batting: RHB Ron Dondale
|
0-0: Ball 1-0: Ball 2-0: Called Strike 2-1: Foul Ball, location: 2F 2-2: Strikes out swinging
|
|
Batting: LHB Gerald Thornton
|
0-0: Ball 1-0: Ground out 6-3 (Groundball, 4M, EV 87.5 MPH) Pascal Noël to third
|
|
Batting: SHB George Grace
|
0-0: Swinging Strike 0-1: Ball 1-1: Fly out, F9 (Flyball, 9, EV 78.8 MPH)
|
| Bottom of the 6th over - 1 run, 2 hits, 0 errors, 1 left on base; University of Toronto 2 - University of Arizona 2 |
| TOP OF THE 7TH |
|
University of Toronto Marlies batting - Pitching for University of Arizona Wildcats : RHP Bernie Rae
|
|
Pitching: RHP Steve Wiest
|
|
|
Now at 1B: Mark Walters
|
|
|
Batting: RHB Kevin McGaughey
|
0-0: Fly out, F9 (Flyball, 9, EV 88.8 MPH)
|
|
Batting: RHB Charlie Townend
|
0-0: Ball 1-0: Called Strike 1-1: Ball 2-1: Ball 3-1: Foul Ball, location: 2F 3-2: Foul Ball, location: 2F 3-2: Foul Ball, location: 2F 3-2: Fly out, F3 (Popup, 3L, EV 75.0 MPH)
|
|
Batting: RHB Aaron Knight
|
0-0: SINGLE (Groundball, 56D, EV 103.8 MPH)
|
|
Batting: RHB Ryan Martin
|
0-0: Ball 1-0: Ground out 4-3 (Groundball, 4, EV 96.9 MPH)
|
| Top of the 7th over - 0 runs, 1 hit, 0 errors, 1 left on base; University of Toronto 2 - University of Arizona 2 |
| BOTTOM OF THE 7TH |
|
University of Arizona Wildcats batting - Pitching for University of Toronto Marlies : RHP Jay Hagan
|
|
Pitching: RHP Paul Riley
|
|
|
Batting: SHB Pat Kidd
|
0-0: Ball 1-0: Foul Ball, location: 2F 1-1: Foul Ball, location: 2F 1-2: Ground out 5-3 (Groundball, 56S, EV 85.6 MPH)
|
|
Batting: LHB Victor Silva
|
0-0: Called Strike 0-1: Ball 1-1: Called Strike 1-2: Ball 2-2: Strikes out swinging
|
|
Batting: LHB Kevin Verret
|
0-0: Ball 1-0: Ball 2-0: Ground out 4-3 (Groundball, 4, EV 81.9 MPH)
|
| Bottom of the 7th over - 0 runs, 0 hits, 0 errors, 0 left on base; University of Toronto 2 - University of Arizona 2 |
| TOP OF THE 8TH |
|
University of Toronto Marlies batting - Pitching for University of Arizona Wildcats : RHP Steve Wiest
|
|
Batting: RHB Todd Maybury
|
0-0: Ball 1-0: Called Strike 1-1: Called Strike 1-2: Strikes out swinging
|
|
Batting: RHB Konrad van Pelt
|
0-0: Called Strike 0-1: Fly out, F8 (Flyball, 8RM, EV 93.1 MPH)
|
|
Batting: RHB Steve Campeau
|
0-0: Ground out 6-3 (Groundball, 6, EV 93.8 MPH)
|
| Top of the 8th over - 0 runs, 0 hits, 0 errors, 0 left on base; University of Toronto 2 - University of Arizona 2 |
| BOTTOM OF THE 8TH |
|
University of Arizona Wildcats batting - Pitching for University of Toronto Marlies : RHP Paul Riley
|
|
Pitching: RHP Gui Xú
|
|
|
Batting: RHB Carlos Maravilla
|
0-0: Called Strike 0-1: Swinging Strike 0-2: Ground out 5-3 (Groundball, 56, EV 108.8 MPH)
|
|
Batting: RHB Mark Walters
|
0-0: Fly out, F8 (Flyball, 8RM, EV 83.1 MPH)
|
|
Batting: LHB Pascal Noël
|
0-0: Ball 1-0: Fly out, F9 (Flyball, 89M, EV 79.4 MPH)
|
| Bottom of the 8th over - 0 runs, 0 hits, 0 errors, 0 left on base; University of Toronto 2 - University of Arizona 2 |
| TOP OF THE 9TH |
|
University of Toronto Marlies batting - Pitching for University of Arizona Wildcats : RHP Steve Wiest
|
|
Pitching: RHP Tristen Brown
|
|
|
Batting: RHB Luke Stannard
|
0-0: Called Strike 0-1: Fly out, F8 (Flyball, 8RD, EV 102.5 MPH)
|
|
Batting: RHB John Wilson
|
0-0: Ball 1-0: Called Strike 1-1: Ball 2-1: Ground out 6-3 (Groundball, 6, EV 91.2 MPH)
|
|
Batting: RHB Kevin McGaughey
|
0-0: Ball 1-0: Called Strike 1-1: Ball 2-1: Ground out 6-3 (Groundball, 6, EV 85.0 MPH)
|
| Top of the 9th over - 0 runs, 0 hits, 0 errors, 0 left on base; University of Toronto 2 - University of Arizona 2 |
| BOTTOM OF THE 9TH |
|
University of Arizona Wildcats batting - Pitching for University of Toronto Marlies : RHP Gui Xú
|
|
Pitching: RHP Mike McDonald
|
|
|
Batting: RHB Ron Dondale
|
0-0: Ball 1-0: Ball 2-0: Called Strike 2-1: Called Strike 2-2: Ball 3-2: Strikes out swinging
|
|
Batting: LHB Gerald Thornton
|
0-0: Ball 1-0: SOLO HOME RUN (Flyball, 9LD, EV 92.5 MPH), Distance : 354 ft
|
| Bottom of the 9th over - 1 run, 1 hit, 0 errors, 0 left on base; University of Toronto 2 - University of Arizona 3 |
|